 Dungeon Crawl Stone Soup version 0.32-a0-540-g866d13106e (webtiles) character file.

Game seed: 13213987141888577481

104600 grandjackal the Champion of Chaos (level 15, -7/128 (134) HPs)
             Began as a Demonspawn Gladiator on Feb 29, 2024.
             Was the Champion of Makhleb.
             Killed by angry trees
             ... awakened by a spriggan druid
              (11 damage)
             ... on level 1 of the Swamp.
             The game lasted 00:25:46 (18656 turns).

grandjackal the Champion of Chaos (DsGl)           Turns: 18656, Time: 00:25:47

HP:   -7/128 (134)  AC: 22    Str: 24    XL:     15   Next: 92%
MP:   28/28         EV: 10    Int: 10    God:    Makhleb [******]
Gold: 1816          SH:  0    Dex: 17    Spells: 14/14 levels left

rFire   + .          .
                       - Unarmed
rCold   + . .        (no shield)
rNeg    . . .        l - +6 chain mail "Viatsey" {+Blink SInv Stlth+}
rPois   +            c - +0 helmet
rElec   .            G - scarf {rC+ rF+}
rCorr   .            (no gloves)
SInv    +            i - +1 pair of boots
Will    +....        h - amulet of regeneration Stlth
                     H - +6 ring of strength
HPRegen 1.21/turn    I - ring of poison resistance
MPRegen 0.21/turn

%: no passive effects
@: marked, on berserk cooldown, slowed, studying 2 skills, lightly drained, very
slow
A: ignite blood 2, spiny 3, sharp scales 3, demonic touch 2
a: Renounce Religion, Evoke Blink, Minor Destruction, Lesser Servant of Makhleb,
Major Destruction, Greater Servant of Makhleb


You were on level 1 of the Swamp.
You worshipped Makhleb.
Makhleb was exalted by your worship.
You visited 5 branches of the dungeon, and saw 24 of its levels.
You also visited: Volcano.

You collected 2232 gold pieces.
You spent 416 gold pieces at shops.

Inventory:

Hand Weapons
 Z - a +5 scimitar of flaming
Missiles
 d - 3 throwing nets (quivered)
 e - a javelin
 w - 5 curare-tipped darts
Armour
 c - a +0 helmet (worn)
 i - a +1 pair of boots (worn)
 l - the +6 chain mail "Viatsey" (worn) {+Blink SInv Stlth+}
   (You found it on level 2 of the Dungeon)

   SInv:      It lets you see invisible.
   +Blink:    It lets you blink.
   Stlth+:    It makes you more stealthy.
 G - a scarf of resistance (worn)
Jewellery
 h - an amulet of regeneration (around neck)
 t - a ring of fire
 A - a ring of protection from cold
 H - a +6 ring of strength (left hand)
 I - a ring of poison resistance (right hand)
Wands
 s - a wand of flame (76)
 B - a wand of mindburst (42)
 L - a wand of warping (12)
 O - a wand of digging (4)
 R - a wand of light (4)
 T - a wand of paralysis (6)
Scrolls
 b - 5 scrolls of fear
 g - 5 scrolls of immolation
 j - a scroll of revelation
 r - 6 scrolls of teleportation
 u - a scroll of torment
 z - 3 scrolls of blinking
 C - 4 scrolls of vulnerability
 M - 2 scrolls of fog
 N - a scroll of poison
 Y - a scroll of summoning
Potions
 a - a potion of might
 f - 8 potions of curing
 m - 5 potions of haste
 n - 4 potions of mutation
 o - 6 potions of heal wounds
 p - 3 potions of lignification
 q - 3 potions of cancellation
 K - a potion of ambrosia
 Q - a potion of experience
 V - 3 potions of enlightenment
 X - a potion of resistance
Miscellaneous
 J - a lightning rod (4/4)


   Skills:
 + Level 17.0 Fighting
 - Level 3.5 Long Blades
 - Level 2.0 Throwing
 - Level 6.0 Armour
 - Level 3.0 Dodging
 + Level 15.2 Unarmed Combat
 + Level 19.4 Invocations


You had 14 spell levels left.
You didn't know any spells.
Your spell library contained the following spells:

 Spells                   Type           Power      Damage    Failure   Level
 Jinxbite                 Hex            0%         N/A       96%         2
 Mercury Vapours          Alch/Air       0%         N/A       96%         2
 Hailstorm                Conj/Ice       0%         3d5       99%         3
 Mephitic Cloud           Conj/Alch/Air  0%         N/A       99%         3
 Summon Ice Beast         Ice/Summ       0%         N/A       99%         3
 Alistair's Intoxication  Alch           0%         N/A       100%        5
 Borgnjor's Vile Clutch   Necr/Erth      0%         N/A       100%        5
 Freezing Cloud           Conj/Ice/Air   0%         6-21      100%        5
 Iskenderun's Battlesphe  Conj           0%         2d6       100%        5
 Yara's Violent Unravell  Hex/Alch       0%         3d3       100%        5
 Bombard                  Conj/Erth      0%         9d1       100%        6
 Eringya's Noxious Bog    Alch           0%         4d6       100%        6
 Sculpt Simulacrum        Ice/Alch       0%         N/A       100%        6
 Enfeeble                 Hex            0%         N/A       100%        7
 Haunt                    Necr/Summ      0%         N/A       100%        7
 Malign Gateway           Summ/Tloc      0%         N/A       100%        7
 Spellforged Servitor     Conj/Summ      0%         N/A       100%        7
 Borgnjor's Revivificati  Necr           0%         N/A       100%        8
 Summon Horrible Things   Summ           0%         N/A       100%        8
 Death's Door             Necr           0%         N/A       100%        9


Dungeon Overview and Level Annotations

Branches:
Dungeon (15/15)            Temple (1/1) D:6            Lair (5/5) D:9
  Swamp (1/4) Lair:2       Spider (0/4) Lair:2        Slime (0/5) Lair:5
    Orc (2/2) D:9             Elf (0/3) Orc:2        Vaults (0/5) D:13
 Depths (0/4) D:15        Volcano (visited)

Altars:
Ashenzari
Cheibriados
Dithmenos
Fedhas
Gozag
Hepliaklqana
Kikubaaqudgha
Makhleb
Nemelex Xobeh
Okawaru
Qazlal
Ru
Sif Muna
Trog
Uskayaw
Vehumet
Wu Jian
Xom
Yredelemnul
Beogh
Jiyva

Shops:
D:1 =(   D:10 =   D:11 ?   Orc:2 [(*:

Annotations:
D:9 3 runed translucent doors, ShinQuickMan's ghost, journeyman HuCj
D:10 2 transporters, Strat's ghost, journeyman MDFi
Lair:2 3 runed translucent doors, BubbleThief's ghost, journeyman DsCA
Swamp:1 Aizul


Innate Abilities, Weirdness & Mutations

Your demonic aura often causes spilled blood to erupt in flames.
You are completely covered in sharp spines.
You are completely covered in razor-sharp scales. (AC +3, Slay +3)
Your touch may inflict irresistible damage on your foes.


Message History

You kill Mlioglotl!
Makhleb accepts your kill.
You feel better.
The harpy skeleton disappears in a puff of smoke!
The water moccasin disappears in a puff of smoke!
A tree reaches out and hits you!
A four-headed hydra comes into view.
The bog body gestures at you while chanting.
You resist with some effort. The spriggan rider barely misses you.
You are no longer berserk.
You are exhausted.
You feel yourself slow down.
You feel sick.
You are no longer poisoned.
Aizul the Neglectful Guardian comes into view.
A swamp worm comes into view.
The spriggan is struck by your spines.
You kill the spriggan!
Makhleb accepts your kill.
The spriggan druid hits you with a +2 spectral quarterstaff!
* * * LOW HITPOINT WARNING * * *
The +2 spectral quarterstaff hits you but does no damage.
The bog body attacks as it pursues you! The bog body is struck by your spines.
The bog body touches you but does no damage.
The swamp dragon breathes poison at you.
The blast of poison engulfs you. You resist.
* * * LOW HITPOINT WARNING * * *
The bog body barely misses you.
The spriggan rider is struck by your spines.
The spriggan rider hits you with a +1 spear of venom!
* * * LOW HITPOINT WARNING * * *
A +2 spectral quarterstaff comes into view.
You see here a bubbling blue potion.
Blink to where?
Press: ? - help, Dir - move target
As you read the scroll of blinking, it crumbles to dust.
The trees move their gnarly branches around.
A root smacks you from below!
* * * LOW HITPOINT WARNING * * *
A root smacks you from below!
You die...

§~.... ~ ~.~.♣ ~~
~~..~
>.w..~~~~~~§..~
.#~~~~~~~~~.~.~
~~~~.~~~D~♣♣~♣♣♣♣♣~♣
......~..~~..~~.~...
♣..~.>....#@~S~....
♣~~.○..○.~♣♣♣♣♣♣♣
♣.nn☼~§~♣♣♣
♣♣(☼i§§~.?♣
♣..i~○†..♣♣§~♣
♣~~~DD.☼§~♣
♣.~~~.~~~...♣
♣.~~§.~§l~♣♣♣
~.#.~~.#~~~♣


You could see Aizul, a four-headed hydra, 2 swamp dragons, an alligator, a
spriggan rider, a spriggan druid, 2 bog bodies and a +2 spectral quarterstaff.

Vanquished Creatures
  Jorgrun (D:11)
  Mlioglotl (Swamp:1)
  A sphinx (D:15)
  An orc warlord (Orc:2)
  2 ettins
  A yaktaur captain (D:14)
  An entropy weaver (shapeshifter) (D:14)
  A fire dragon (Lair:5)
  7 slime creatures
  5 two-headed ogres
  A death knight (D:14)
  5 hydras
  7 centaur warriors
  5 boulder beetles
  An ogre mage (D:15)
  A deep troll earth mage (D:15)
  2 tengu warriors
  4 orc high priests (Orc:2)
  7 death yaks
  An occultist (D:15)
  2 skysharks
  2 skeletal warriors (D:14)
  A deep troll (Lair:2)
  3 lindwurms
  2 necromancers
  7 orc knights
  An orange crystal statue (D:12)
  3 deep elf pyromancers
  5 orc sorcerers
  A deep elf zephyrmancer (D:13)
  6 cyclopes
  14 ugly things
  A manticore (D:14)
  A will-o-the-wisp (Lair:2)
  18 elephants
  8 black mambas
  A smoke demon (Volcano)
  A torpor snail (Lair:3)
  A gargoyle (D:14)
  3 molten gargoyles (Lair:5)
  13 komodo dragons
  12 cane toads
  5 rime drakes
  3 kobold demonologists
  An efreet (D:15)
  A freezing wraith (D:14)
  2 red devils (Volcano)
  2 tengu conjurers
  7 trolls
  3 tyrant leeches (Lair:2)
  A hornet (D:10)
  A wolf spider simulacrum (D:15)
  A polar bear (Lair:2)
  12 blink frogs
  5 dream sheep (Lair:3)
  3 spriggans
  3 wraiths
  3 shadows
  47 yaks
  7 wyverns
  6 basilisks
  8 vampire mosquitoes
  A steam dragon (shapeshifter) (D:14)
  5 death yak simulacra (Lair:5)
  A redback (D:14)
  2 fire elementals (Lair:3)
  4 steam dragons
  4 wargs
  A swamp worm (Swamp:1)
  A hydra simulacrum (Lair:5)
  4 hell hounds (Lair:5)
  15 water moccasins
  27 orc warriors
  A sky beast (D:7)
  A black bear (Lair:1)
  2 laughing skulls (D:15)
  An ice beast (D:7)
  6 ogres
  18 wolves
  4 centaurs
  2 phantoms
  5 kobold brigands
  11 bullfrogs
  4 scorpions
  11 wights
  2 elephant simulacra (Lair:5)
  5 killer bees (D:9)
  2 electric eels (Lair:1)
  3 lava snakes (Lair:5)
  2 bombardier beetles (D:6)
  4 hounds
  A jelly (D:5)
  A gnoll bouda (D:4)
  11 orc priests
  A sleepcap (D:8)
  Jessica (D:3)
  2 iguanas
  16 orc wizards
  A hell rat (Lair:5)
  Terence (D:2)
  Robin (D:3)
  3 gnolls (D:4)
  9 adders
  3 hell rat simulacra (Lair:5)
  A white imp (D:8)
  A ribbon worm (D:3)
  3 dart slugs
  56 orcs
  6 endoplasms
  4 giant cockroaches
  13 goblins
  11 hobgoblins
  3 jackals (D:3)
  17 kobolds
  4 quokkas
  5 ball pythons
  10 bats
  3 frilled lizards
  5 rats
624 creatures vanquished.

Vanquished Creatures (collateral kills)
  An orc high priest (Orc:2)
  4 ugly things (D:15)
  An orc warrior (D:15)
  3 orcs (D:15)
9 creatures vanquished.

Vanquished Creatures (others)
  2 orcs
  2 foxfires (Lair:2)
4 creatures vanquished.

Grand Total: 637 creatures vanquished

Notes
Turn   | Place    | Note
-------+----------+-------------------------------------------
     0 | D:1      | grandjackal the Demonspawn Gladiator began the quest for
                  | the Orb.
     0 | D:1      | Reached XP level 1. HP: 16/16 MP: 1/1
    54 | D:1      | Found a faded altar of an unknown god.
    72 | D:1      | Gained mutation: You are partially covered in sharp spines.
                  | [demonic ancestry]
    72 | D:1      | Reached XP level 2. HP: 13/22 MP: 2/2
   176 | D:1      | Found Jawijat's Jewellery Shoppe.
   259 | D:1      | Found Aluts's Weapon Shop.
   608 | D:2      | Reached XP level 3. HP: 28/28 MP: 3/3
   613 | D:2      | Noticed Terence
   623 | D:2      | Killed Terence
   646 | D:2      | Gained mutation: Your touch may inflict minor irresistible
                  | damage on your foes. [demonic ancestry]
   646 | D:2      | Reached XP level 4. HP: 35/35 MP: 4/4
   729 | D:2      | Identified the +6 chain mail "Viatsey" {+Blink SInv Stlth+}
  1442 | D:3      | Noticed Jessica
  1445 | D:3      | Killed Jessica
  1446 | D:3      | Reached skill level 1 in Unarmed Combat
  1449 | D:3      | Noticed Robin
  1472 | D:3      | Gained mutation: You are mostly covered in sharp spines.
                  | [demonic ancestry]
  1472 | D:3      | Reached XP level 5. HP: 40/41 MP: 5/5
  1472 | D:3      | Killed Robin
  1473 | D:3      | Reached skill level 1 in Armour
  1714 | D:4      | Found a hazy altar of Hepliaklqana.
  1733 | D:4      | Noticed a phantom
  1760 | D:4      | Killed a phantom
  1761 | D:4      | Reached XP level 6. HP: 17/48 MP: 6/6
  2095 | D:4      | Found a radiant altar of Vehumet.
  2338 | D:5      | Entered Level 5 of the Dungeon
  2374 | D:5      | Found a sacrificial altar of Ru.
  2393 | D:5      | Noticed a water moccasin
  2397 | D:5      | Gained mutation: Your demonic aura sometimes causes spilled
                  | blood to erupt in flames. [demonic ancestry]
  2397 | D:5      | Reached XP level 7. HP: 55/55 MP: 7/7
  2399 | D:5      | Reached skill level 5 in Fighting
  2405 | D:5      | Found a shimmering altar of Xom.
  2443 | D:5      | Found a shimmering altar of Xom.
  2449 | D:5      | Found a hide-covered altar of Uskayaw.
  2574 | D:5      | Reached XP level 8. HP: 64/64 MP: 8/8
  2655 | D:5      | Found a blossoming altar of Fedhas.
  2774 | D:5      | Found a sparkling altar of Nemelex Xobeh.
  3057 | D:6      | Reached skill level 5 in Unarmed Combat
  3059 | D:6      | Reached skill level 5 in Armour
  3153 | D:6      | Found a staircase to the Ecumenical Temple.
  3224 | D:6      | Gained mutation: Your touch may inflict irresistible damage
                  | on your foes. [demonic ancestry]
  3224 | D:6      | Reached XP level 9. HP: 59/72 MP: 9/9
  3553 | D:6      | Found a shadowy altar of Dithmenos.
  3593 | Temple   | Entered the Ecumenical Temple
  3625 | Temple   | Became a worshipper of Makhleb the Destroyer
  3757 | D:7      | Reached skill level 1 in Invocations
  3971 | D:7      | Reached skill level 2 in Invocations
  4238 | D:8      | Reached skill level 3 in Invocations
  4356 | D:8      | Reached * piety under Makhleb
  4391 | D:8      | Reached skill level 4 in Invocations
  4456 | D:8      | Found a shimmering blue altar of Sif Muna.
  4944 | D:9      | Found a staircase to the Orcish Mines.
  4961 | D:9      | Reached skill level 5 in Invocations
  5041 | D:9      | Found a runed translucent gate.
  5042 | D:9      | Found a runed translucent gate.
  5047 | D:9      | Found a runed translucent gate.
  5049 | D:9      | Identified the +0 plate armour "Xewigey" {Rampage *Corrode
                  | rPois Int-2}
  5050 | D:9      | Noticed ShinQuickMan's ghost (journeyman HuCj)
  5052 | D:9      | Identified the +2 robe "Elok" {rCorr Dex+2 SInv}
  5064 | D:9      | Gained mutation: Your demonic aura often causes spilled
                  | blood to erupt in flames. [demonic ancestry]
  5064 | D:9      | Reached XP level 10. HP: 82/82 MP: 14/14
  5087 | D:9      | Found an ancient bone altar of Kikubaaqudgha.
  5144 | D:9      | Reached skill level 6 in Invocations
  5259 | D:9      | Found an opulent altar of Gozag.
  5260 | D:9      | Found a snail-covered altar of Cheibriados.
  5288 | D:9      | Found a staircase to the Lair.
  5607 | D:9      | Found a roughly hewn altar of Beogh.
  5626 | D:10     | Entered Level 10 of the Dungeon
  5629 | D:10     | Found a transporter.
  5654 | D:10     | Noticed a moth of wrath
  5655 | D:10     | Noticed Strat's ghost (journeyman MDFi)
  5657 | D:10     | Noticed a manticore
  5669 | D:10     | Found a transporter.
  5796 | D:10     | Paralysed by a hornet for 1 turns
  5822 | D:10     | Reached skill level 7 in Invocations
  5825 | D:10     | Reached ** piety under Makhleb
  6026 | D:10     | Reached skill level 8 in Invocations
  6037 | D:10     | Found a bloodstained altar of Trog.
  6057 | D:10     | Reached skill level 10 in Fighting
  6132 | D:10     | Found an iron altar of Okawaru.
  6204 | D:10     | Found Rivi's One-of-a-Kind Rings.
  6760 | D:11     | Gained mutation: You are partially covered in razor-sharp
                  | scales. (AC +1, Slay +1) [demonic ancestry]
  6760 | D:11     | Reached XP level 11. HP: 88/90 MP: 17/17
  6808 | D:11     | Noticed a boulder beetle
  6833 | D:11     | Killed a boulder beetle
  6834 | D:11     | Reached skill level 9 in Invocations
  6849 | D:11     | Found Ynwao's Magic Scroll Shoppe.
  6858 | D:11     | Bought a scroll of fog for 48 gold pieces
  6858 | D:11     | Bought a scroll of blinking for 90 gold pieces
  6858 | D:11     | Bought a scroll of blinking for 90 gold pieces
  6858 | D:11     | Bought a scroll of fog for 48 gold pieces
  7019 | D:11     | You fall into a shaft and drop 1 floor!
  7086 | D:12     | Noticed Jorgrun
  7093 | D:11     | Noticed a sun demon
  7556 | Orc:1    | Entered Level 1 of the Orcish Mines
  7559 | Orc:1    | Reached *** piety under Makhleb
  7560 | Orc:1    | Noticed an ettin
  7604 | Lair:1   | Entered Level 1 of the Lair of Beasts
  7611 | Lair:1   | Reached skill level 10 in Invocations
  7821 | Lair:1   | Found a dark tunnel.
  7826 | Volcano  | Entered a volcano
  7870 | Volcano  | Noticed a red ugly thing
  7878 | Volcano  | Killed a red ugly thing
  7879 | Volcano  | Reached skill level 11 in Invocations
  7931 | Volcano  | Noticed an orc sorcerer
  7944 | Volcano  | Killed an orc sorcerer
  8027 | Volcano  | Noticed a red ugly thing
  8034 | Volcano  | Killed a red ugly thing
  8035 | Volcano  | Reached skill level 10 in Unarmed Combat
  8179 | Lair:1   | Gained mutation: You are mostly covered in razor-sharp
                  | scales. (AC +2, Slay +2) [demonic ancestry]
  8179 | Lair:1   | Reached XP level 12. HP: 97/101 MP: 20/20
  8208 | Lair:1   | Reached **** piety under Makhleb
  8234 | Lair:1   | Reached skill level 12 in Invocations
  8519 | Lair:1   | Found a runed translucent door.
  9332 | Lair:2   | Found a hole to the Spider Nest.
  9385 | Lair:2   | HP: 5/103 [tyrant leech (15)]
  9523 | Lair:2   | Reached skill level 13 in Invocations
  9627 | Lair:2   | Found a runed translucent gate.
  9627 | Lair:2   | Found a runed translucent gate.
  9627 | Lair:2   | Found a runed translucent gate.
  9628 | Lair:2   | Noticed BubbleThief's ghost (journeyman DsCA)
  9993 | Lair:2   | Found a staircase to the Swamp.
 10304 | Lair:3   | Gained mutation: You are completely covered in razor-sharp
                  | scales. (AC +3, Slay +3) [demonic ancestry]
 10304 | Lair:3   | Reached XP level 13. HP: 110/111 MP: 23/23
 10336 | Lair:3   | Reached skill level 14 in Invocations
 10360 | Lair:3   | Reached ***** piety under Makhleb
 11288 | Lair:4   | Reached skill level 15 in Invocations
 12022 | Lair:5   | Entered Level 5 of the Lair of Beasts
 12058 | Lair:5   | Found a staircase to the Slime Pits.
 12059 | Lair:5   | Found a viscous altar of Jiyva.
 12522 | Lair:5   | Gained mutation: You are completely covered in sharp
                  | spines. [demonic ancestry]
 12522 | Lair:5   | Reached XP level 14. HP: 103/121 MP: 25/25
 12524 | Lair:5   | Reached skill level 16 in Invocations
 12908 | Lair:5   | Reached ****** piety under Makhleb
 12985 | Lair:5   | Found a large runed translucent door.
 12986 | Lair:5   | Found a large runed translucent door.
 13081 | Lair:5   | Reached skill level 15 in Fighting
 13671 | Orc:2    | Entered Level 2 of the Orcish Mines
 14007 | Orc:2    | Reached skill level 17 in Invocations
 14038 | Orc:2    | Paralysed by an orc sorcerer for 2 turns
 14081 | Orc:2    | Found Kapseesk's Antique Weapon Shop.
 14219 | Orc:2    | Found Qauqeig's Antique Armour Boutique.
 14332 | Orc:2    | Found Xakut's General Store.
 14340 | Orc:2    | Bought a scroll of identify for 28 gold pieces
 14340 | Orc:2    | Bought a potion of mutation for 112 gold pieces
 14364 | Orc:2    | Noticed an orc warlord
 14369 | Orc:2    | Killed an orc warlord
 14395 | Orc:2    | Paralysed by an orc sorcerer for 5 turns
 14426 | Orc:2    | Found a staircase to the Elven Halls.
 14448 | Orc:2    | Found Zeopump's Book Shop.
 14939 | D:11     | Killed Jorgrun
 15900 | D:13     | Found an ancient bone altar of Kikubaaqudgha.
 16022 | D:13     | Reached XP level 15. HP: 90/130 MP: 27/27
 16056 | D:13     | Reached skill level 18 in Invocations
 16152 | D:13     | Found a gate to the Vaults.
 17473 | D:14     | Identified the +6 orcbow "Vyta" {drain, Will+ Str+3}
 17503 | D:15     | Entered Level 15 of the Dungeon
 17629 | D:15     | Reached skill level 19 in Invocations
 17765 | D:15     | Reached skill level 15 in Unarmed Combat
 17775 | D:15     | Noticed a sphinx
 17776 | D:15     | Found a staircase to the Depths.
 17783 | D:15     | Killed a sphinx
 17848 | D:15     | Identified the +2 buckler of Bitterness {Fly rElec Regen+}
 17900 | D:15     | HP: 3/118 [laughing skull/bolt of negative energy (17)]
 18523 | Swamp:1  | Entered Level 1 of the Swamp
 18551 | Swamp:1  | Noticed Mlioglotl
 18654 | Swamp:1  | Killed Mlioglotl
 18655 | Swamp:1  | Identified the serpent talisman "Pariut Qible" {rF++ Str+3}
 18655 | Swamp:1  | Noticed Aizul
 18656 | Swamp:1  | HP: 4/128 [spriggan druid/angry trees (13)]
 18656 | Swamp:1  | Killed from afar by a spriggan druid

Illustrated notes

Levels and vault maps discovered:
D:1:      wander_arrival_desolate, layout_basic,
          hellmonk_ecumenical_altar_blasted, serial_shops,
          nicolae_shop_window_shopping, nicolae_shop_hallway_stairs
D:2:      layout_rooms, kennysheep_big_empty_room, uniq_terence
D:3:      layout_basic, serial_bayou_ford_a, minmay_splitting_lines,
          uniq_jessica, uniq_robin
D:4:      layout_basic, lemuel_crystal_altar, nicolae_vehumet_altar_sigil
D:5:      layout_rooms, eat_drink_and_be_merry_uskayaw, fedhas_altar_4,
          nemelex_altar_shiori, xom_redecorated,
          nicolae_ru_great_annihilating_truth, minmay_manual_monstrance
D:6:      layout_loops_ring, grunt_dithmenos_shadows, minmay_temple_entry_tees
D:7:      layout_rooms
D:8:      layout_loops_cross, mainiacjoe_overflow_alcove_4, lemuel_crystal_altar
D:9:      layout_basic, lemuel_tele_altar, gammafunk_temple_overflow_statue,
          lair_entry_dummy, minmay_orc_entry_guard_dogs,
          biasface_ghost_orc_armoury, kennysheep_generic_room_11
D:10:     layout_roguey, okawaru_metal_pillars_3,
          nicolae_overflow_crystal_walls, lemuel_coloured_pillars_altar,
          gammafunk_ghost_berserking_beasts, nicolae_shop_unique_rings
D:11:     layout_grid_maze, serial_shops, nicolae_shop_just_a_little_nook
D:12:     layout_small_grid, minivault_16, uniq_jorgrun
D:13:     layout_long_grid, david_vaults_1, kiku_gazebo_garden_becter
D:14:     layout_roguey, chequers_serial_rivers_micro_d, minmay_evil_grid
D:15:     hellmonk_depths_entry_around_the_bend, layout_rooms,
          nrook_mini_vaults, chequers_decorated_corner, grunt_ministairs_6
Temple:   hellmonk_temple_flake
Lair:1:   gammafunk_lair_enchanted_lake, layout_long_grid, enter_volcano_4,
          st_stairs_13, hibernation_bobbens, serial_bayou_shore_b,
          grunt_megastairs_3, infiniplex_staircase_pool
Lair:2:   dreamdust_cave_troll, layout_big_grid, minmay_swamp_entry_worms,
          dummy_spider_entry, gammafunk_ghost_necromancy, lemuel_fruit_tree
Lair:3:   layout_gridlike, grunt_forest_large_clearing_hut, grunt_megastairs_4,
          serial_bayou_shore_b
Lair:4:   layout_roguey
Lair:5:   cheibrodos_lair_end_hotspot, layout_loops_ring, slime_entry_1,
          minivault_24, eino_house_with_fridge
Swamp:1:  layout_basic_swamp, gammafunk_ghost_wrathful_warriors,
          hangedman_swamp_diagram, grunt_witch_cave, uniq_mlioglotl, uniq_aizul
Orc:1:    layout_caves
Orc:2:    grunt_orc_gardens, layout_diamond_mine, grunt_orc_garden,
          grunt_orc_garden, grunt_orc_garden, grunt_orc_garden

Skill      XL: |  1  2  3  4  5  6  7  8  9 10 11 12 13 14 15 |
---------------+----------------------------------------------+-----
Throwing       | 2 |  2.0
Dodging        | 3 |  3.0
Long Blades    | 3 |  3.5
Fighting       | 3 4 5 7 8 10 11 13 14 15 17 | 17.0
Unarmed Combat | 1 2 3 4 5 7 8 10 11 12 14 15 | 15.2
Armour         | 2 4 5 6 |  6.0
Invocations    | 5 8 11 13 15 17 19 | 19.4

Action                     |  1- 3 |  4- 6 |  7- 9 | 10-12 | 13-15 || total
---------------------------+-------+-------+-------+-------+-------++-------
  Melee: Long sword        |    66 |    97 |    68 |       |       ||   231
         Touch             |       |    21 |    37 |   113 |   185 ||   356
         Unarmed           |       |       |   103 |   435 |   760 ||  1298
         Punch             |       |       |     3 |    24 |    88 ||   115
 Invoke: Major Destruction |       |       |       |       |    14 ||    14
         Greater Servant o |       |       |       |       |     2 ||     2
         Lesser Servant of |       |       |       |       |     1 ||     1
    Use: Potion            |       |     1 |       |       |     2 ||     3
         Scroll            |       |       |       |       |    34 ||    34
   Stab: Paralysed         |       |     1 |       |       |       ||     1
         Distracted        |       |       |       |       |     2 ||     2
 Armour: Leather armour    |    28 |       |       |       |       ||    28
         Ring mail         |    19 |     4 |       |       |       ||    23
         Chain mail        |       |    91 |   162 |   418 |   856 ||  1527
  Dodge: Dodged            |    41 |    39 |    76 |   173 |   333 ||   662

Table legend: (Time is in decaauts)
 A = Elapsed time spent in this place.
 B = Non-inter-level travel time spent in this place.
 C = Inter-level travel time spent in this place.
 D = Time resting spent in this place.
 E = Time spent auto-exploring this place.
 F = Levels seen in this place.
 G = Mean time per level.
                   A        B        C        D        E       F      G
               +--------+--------+--------+--------+--------+-----+--------+
         Total |  18549 |  17303 |   1246 |   1667 |  12209 |  25 |  742.0 |
       Dungeon |  11208 |  10513 |    695 |    813 |   7728 |  15 |  747.2 |
        Temple |     42 |     32 |     10 |      0 |      0 |   1 |   42.0 |
          Lair |   5541 |   5107 |    434 |    503 |   3602 |   5 | 1108.2 |
         Swamp |     16 |     16 |      0 |      0 |      0 |   1 |   16.0 |
  Orcish Mines |   1443 |   1339 |    104 |    278 |    771 |   2 |  721.5 |
       Volcano |    296 |    296 |      0 |     73 |    108 |   1 |  296.0 |
               +--------+--------+--------+--------+--------+-----+--------+

Top non-repeatable levels by time:
  Lair:1: 1638 daAuts
  Lair:5: 1194 daAuts
  Lair:2: 1031 daAuts
    D:10: 987 daAuts
    D:13: 974 daAuts
    D:11: 943 daAuts
     D:9: 938 daAuts
  Lair:3: 901 daAuts
   Orc:2: 897 daAuts
    D:12: 870 daAuts
    D:15: 847 daAuts
  Lair:4: 776 daAuts
     D:6: 765 daAuts
    D:14: 751 daAuts
     D:8: 718 daAuts
